 Dungeon Crawl Stone Soup version 0.30-a0-1016-gfb0d676c02 (webtiles) character file.

Game seed: 965104183627406601

874 ytrimaz the Magician (level 7, -4/60 HPs)
             Began as a Demigod Transmuter on Apr 6, 2023.
             Slain by Joseph
             ... wielding a +0 quarterstaff
              (20 damage)
             ... on level 7 of the Dungeon.
             The game lasted 00:06:31 (5440 turns).

ytrimaz the Magician (Demigod Transmuter)           Turns: 5440, Time: 00:06:32

Health: -4/60      AC:  2    Str: 11      XL:     7   Next: 45%
Magic:  15/17      EV: 21    Int: 22 (23) God:
Gold:   521        SH:  0    Dex: 22 (25) Spells: 6/16 levels left

rFire   + . .      SeeInvis .      - Unarmed
rCold   . . .      Faith    .    (shield currently unavailable)
rNeg    . . .      Spirit   .    a - melded +1 robe
rPois   x          Reflect  .    g - melded +0 helmet
rElec   .          Rampage  .    (cloak currently unavailable)
rCorr   .                        l - melded +0 pair of gloves
Will    .....                    j - melded +0 pair of boots
Stlth   ++                       h - amulet of magic regeneration
HPRegen 0.30/turn                f - +6 ring of dexterity
MPRegen 0.55/turn                r - ring of protection from fire

@: spider-form, very slightly contaminated
A: venomous fangs, tiny, high MP 1, forlorn, divine attributes, sense
surroundings 1, robust 1, (heat vulnerability 1)
a: End Transformation


You were on level 7 of the Dungeon.
You were a venomous arachnid creature.
You visited 2 branches of the dungeon, and saw 8 of its levels.
You also visited: Sewer.

You collected 521 gold pieces.


Innate Abilities, Weirdness & Mutations

You are a venomous arachnid creature.
You have venomous fangs.
You are tiny and dextrous.
Your spellcasting is less reliable in this form.
Your armour is entirely melded.
You are incapable of wielding weapons or throwing items.
You have an increased reservoir of magic. (+10% MP)
You shall have no god before yourself.
Your divine heritage dramatically boosts your attributes as you level up.
You passively map a small area around you.
You are robust. (+10% HP)
((You are vulnerable to heat. (rF-)))


   Skills:
 - Level 2.2 Fighting
 + Level 3.2 Dodging
 + Level 4.4 Unarmed Combat
 - Level 5.0 Spellcasting
 - Level 4.0 Transmutations


You had 6 spell levels left.
You knew the following spells:

 Your Spells              Type           Power      Damage    Failure   Level
a - Beastly Appendage     Tmut           46%        N/A       8%          1
b - Wereblood             Tmut           23%        N/A       11%         2
c - Spider Form           Tmut/Pois      14%        N/A       30%         3
d - Ice Form              Ice/Tmut       14%        N/A       63%         4

Your spell library contained the following spells:

 Spells                   Type           Power      Damage    Failure   Level
 Poisonous Vapours        Pois/Air       10%        N/A       34%         2
 Static Discharge         Conj/Air       10%        2-3/arc   34%         2
 Frozen Ramparts          Ice            10%        1d2       52%         3
 Mephitic Cloud           Conj/Pois/Air  5%         N/A       52%         3
 Airstrike                Air            2%         2d(1-17)  86%         4
 Summon Ice Beast         Ice/Summ       5%         N/A       86%         4
 Summon Lightning Spire   Summ/Air       5%         N/A       86%         4
 Freezing Cloud           Conj/Ice/Air   2%         6-21      99%         5

Inventory:

Missiles
 p - a throwing net
Armour
 a - a +1 robe (melded)
 g - a +0 helmet (melded)
   (You found it on level 1 of the Dungeon)
 j - a +0 pair of boots (melded)
   (You found it on level 2 of the Dungeon)
 l - a +0 pair of gloves (melded)
   (You found it on level 2 of the Dungeon)
Jewellery
 f - a +6 ring of dexterity (left front pincers)
   (You found it on level 1 of the Dungeon)
 h - an amulet of magic regeneration (around neck)
   (You found it on level 2 of the Dungeon)
 r - a ring of protection from fire (right front pincers)
   (You found it on level 4 of the Dungeon)
Wands
 v - a wand of charming (8)
   (You found it on level 4 of the Dungeon)
Scrolls
 d - a scroll of amnesia
 i - 2 scrolls of magic mapping
 m - 4 scrolls of teleportation
 u - a scroll of fog
 w - a scroll of acquirement
Potions
 b - 2 potions of haste
 c - 2 potions of resistance
 e - a potion of brilliance
 k - 2 potions of curing
 n - 2 potions of attraction
 o - a potion of might
 q - a potion of magic {unknown}
 s - 2 potions of flight {unknown}
 t - a potion of invisibility {unknown}
 z - a potion of cancellation {unknown}

Dungeon Overview and Level Annotations

Branches:
Dungeon (7/15) Zot: 26991  Temple (1/1) D:4 Zot: 5917   Sewer (visited)

Shops:
D:3 (   D:5 [

Annotations:
D:7 Joseph

* , ,
##.#####. ,
.........
#..#...### *
#........#
#.?......
*.......
#..#...###.#
#.....s....#
##.....@...#
*
###.#####.#
, *#. # , ,
. , , * ## ,
* * , , , *
, * *


You could see Joseph (extremely poisoned).


Message History

You see here an iguana skeleton.
There is a stone staircase leading down here.
You see here a scroll of vulnerability.
A jelly comes into view.
A jelly is nearby!
Okay, then.
The jelly quivers.
Casting: Spider Form (dangerous; 13% risk of failure)
Confirm with . or Enter, or press ? or * to list all spells.
You turn into a venomous arachnid creature.
Your +0 helmet melds into your body.
Your +0 pair of gloves melds into your body.
Your +0 pair of boots melds into your body.
Your +1 robe melds into your body. 😎 MP[-2]
You lost 2 mp, and now have 15/17 mp.
Unknown command.
You bite the jelly!
Your front pincers burn!
The jelly hits you but does no damage. 😕 HP[-5] MP[+1]
You take 5 damage, and now have 55/60 hp.
Unknown command.
You bite the jelly!
You kill the jelly! 😕 HP[+1] Unknown command. 😕 MP[+1]
Your mp is fully restored (17).
Your transformation is almost over.
Done exploring. 😎 HP[+4]
Your hp is fully restored (60).
Done exploring.
Done exploring.
Unknown command.
Done exploring.
Done exploring.
Unknown command.
Done exploring.
Done exploring.
Your transformation has ended.
Your +0 helmet unmelds from your body.
Your +0 pair of gloves unmelds from your body.
Your +0 pair of boots unmelds from your body.
Your +1 robe unmelds from your body.
You can't go down here!
Unknown command.
You see here an adder skeleton.
There is a stone staircase leading down here.
You climb downwards.
You hear the roar of battle.
There is an entrance to a bailey on this level.
Hurry and find it before the portal closes forever!
You hear the hiss of flowing sand.
There is an entrance to an ossuary on this level.
Hurry and find it before the portal is buried!
Joseph shouts!
There is a stone staircase leading up here.
Okay, then.
Casting: Spider Form (dangerous; 13% risk of failure)
Confirm with . or Enter, or press ? or * to list all spells.
You miscast Spider Form.
You are very lightly contaminated with residual magic.
Nothing appears to happen.
Joseph hits you with a +0 quarterstaff!! 😮 HP[-19] MP[-3]
You take 19 damage, and now have 41/60 hp.
MASSIVE DAMAGE!! (PAUSE)
You lost 3 mp, and now have 14/17 mp.
Casting: Spider Form (dangerous; 13% risk of failure)
Confirm with . or Enter, or press ? or * to list all spells.
You turn into a venomous arachnid creature.
Your +0 helmet melds into your body.
Your +0 pair of gloves melds into your body.
Your +0 pair of boots melds into your body.
Your +1 robe melds into your body.
Joseph hits you with a +0 quarterstaff!
* * * LOW HITPOINT WARNING * * *
😨 HP[-16] MP[-2]
You take 16 damage, and now have 25/60 hp.
MASSIVE DAMAGE!! (PAUSE)
You lost 2 mp, and now have 12/17 mp.
You hit Joseph.
Joseph is poisoned. 😨 HP[+1]
You hit Joseph.
Joseph looks as sick as possible!
Joseph hits you with a +0 quarterstaff.
* * * LOW HITPOINT WARNING * * *
😨 HP[-6] MP[+1]
You take 6 damage, and now have 20/60 hp.
You hit Joseph.
Joseph looks as sick as possible!
Joseph closely misses you.
Unknown command.
You hit Joseph.
Joseph looks as sick as possible!
Joseph hits you with a +0 quarterstaff!
* * * LOW HITPOINT WARNING * * *
😱 HP[-8] MP[+1]
You take 8 damage, and now have 12/60 hp.
You feel better. Joseph hits you with a +0 quarterstaff.
* * * LOW HITPOINT WARNING * * *
😨 HP[+4]
You regained 4 hp, and now have 16/60 hp.
You hit Joseph but do no damage.
Joseph looks as sick as possible!
Joseph hits you with a +0 quarterstaff!!
You die...

Skill      XL: |  1  2  3  4  5  6  7 |
---------------+----------------------+-----
Spellcasting   | 2 3 4 5 |  5.0
Transmutations | 2 3 4 |  4.0
Fighting       | 2 |  2.2
Unarmed Combat | 3 4 |  4.4
Dodging        | 2 3 |  3.2

Action                     |  1- 3 |  4- 6 |  7- 9 || total
---------------------------+-------+-------+-------++-------
  Melee: Unarmed           |    83 |   164 |    47 ||   294
         Kick              |    17 |    20 |       ||    37
         Headbutt          |    15 |    17 |       ||    32
         Punch             |     1 |     2 |       ||     3
   Cast: Beastly Appendage |    25 |    18 |       ||    43
         Spider Form       |       |     9 |     8 ||    17
         Wereblood         |       |     2 |       ||     2
    Use: Scroll            |     3 |     7 |     1 ||    11
         Potion            |       |     9 |     2 ||    11
   Stab: Sleeping          |       |     2 |       ||     2
 Armour: Robe              |    20 |    30 |     1 ||    51
         Skin              |       |    20 |     1 ||    21
  Dodge: Dodged            |    46 |   164 |    33 ||   243

Levels and vault maps discovered:
D:1:      lightli_arrival_boilingwater, layout_loops_ring,
          hellmonk_ecumenical_altar_crossroads
D:2:      layout_basic
D:3:      layout_basic, serial_shops, nicolae_shop_trees,
          cheibrodos_sewer_entry_drain, minmay_misc_feat_ornament
D:4:      layout_rooms, kennysheep_little_box, nzn_hepliaklqana_mist_gate,
          minmay_temple_entry_waves
D:5:      layout_loops_ring, lemuel_doored_altar, nicolae_uskayaw_dance_hall,
          serial_shops, nicolae_diamond_shop
D:6:      layout_rooms
D:7:      layout_loops_ring, enter_bailey_2, nicolae_ossuary_entry_plus,
          uniq_duvessa, uniq_joseph
Temple:   dpeg_three_leaves_temple

Notes
Turn   | Place    | Note
-------+----------+-------------------------------------------
     0 | D:1      | ytrimaz the Demigod Transmuter began the quest for the Orb.
     0 | D:1      | Reached XP level 1. HP: 15/15 MP: 5/5
     0 | D:1      | magus.rc [v1.9.6]
   144 | D:1      | Reached skill level 2 in Spellcasting
   144 | D:1      | Reached skill level 2 in Transmutations
   272 | D:1      | You pick up a book of Rime and begin reading...
   272 | D:1      | You add the spells Frozen Ramparts and Summon Ice Beast to
                  | your library.
   333 | D:1      | Reached XP level 2. HP: 21/22 MP: 5/7
   337 | D:1      | Learned a level 2 spell: Wereblood
  1406 | D:2      | Reached XP level 3. HP: 27/27 MP: 7/9
  1470 | D:2      | Learned a level 3 spell: Spider Form
  1507 | D:3      | Found Pyuz's Antique Weapon Shoppe.
  1524 | D:3      | Found a glowing drain.
  1544 | Sewer    | Entered a sewer
  1727 | Sewer    | Reached skill level 3 in Transmutations
  1901 | Sewer    | Reached skill level 3 in Spellcasting
  1901 | Sewer    | Reached XP level 4. HP: 32/34 MP: 11/11
  1942 | Sewer    | HP: 8/34 [poisoned by an adder]
  3259 | D:4      | Noticed an ogre
  3274 | D:4      | Killed an ogre
  3275 | D:4      | Reached skill level 4 in Transmutations
  3275 | D:4      | Reached XP level 5. HP: 39/39 MP: 11/13
  3351 | D:4      | Found a staircase to the Ecumenical Temple.
  3366 | Temple   | Entered the Ecumenical Temple
  3634 | D:4      | Reached skill level 4 in Spellcasting
  3700 | D:4      | HP: 8/39 [gnoll/+0 spear[a gnoll bouda] (2)]
  3706 | D:4      | Gained mutation: You are frail. (-10% HP) [potion of
                  | mutation]
  3802 | D:4      | Lost mutation: You are frail. (-10% HP) [potion of
                  | mutation]
  3802 | D:4      | Gained mutation: You passively map a small area around you.
                  | [potion of mutation]
  3802 | D:4      | Gained mutation: You are robust. (+10% HP) [potion of
                  | mutation]
  3802 | D:4      | Gained mutation: You are vulnerable to heat. (rF-) [potion
                  | of mutation]
  3817 | D:4      | HP: 8/42 [gnoll bouda/+0 whip (11)]
  3826 | D:4      | Reached XP level 6. HP: 12/50 MP: 16/16
  4083 | D:5      | Entered Level 5 of the Dungeon
  4106 | D:5      | You pick up a book of Vapours and begin reading...
  4106 | D:5      | You add the spells Poisonous Vapours, Mephitic Cloud and
                  | Freezing Cloud to your library.
  4202 | D:5      | Found Cuasus's Armour Shoppe.
  4324 | D:5      | Reached skill level 5 in Spellcasting
  4324 | D:5      | Reached skill level 1 in Fighting
  4324 | D:5      | Reached skill level 3 in Unarmed Combat
  4426 | D:5      | Reached skill level 2 in Fighting
  4661 | D:6      | Reached skill level 2 in Dodging
  4661 | D:6      | Reached XP level 7. HP: 32/60 MP: 14/17
  4667 | D:6      | HP: 15/60 [gnoll/+0 halberd (15)]
  4937 | D:6      | Reached skill level 4 in Unarmed Combat
  5055 | D:6      | Learned a level 4 spell: Ice Form
  5133 | D:6      | Reached skill level 3 in Dodging
  5135 | D:6      | Identified a scroll of acquirement
  5187 | D:6      | You pick up a book of Storms and begin reading...
  5187 | D:6      | You add the spells Static Discharge, Airstrike and Summon
                  | Lightning Spire to your library.
  5432 | D:7      | Noticed Joseph
  5438 | D:7      | HP: 12/60 [Joseph/+0 quarterstaff (9)]
  5440 | D:7      | Slain by Joseph

Vanquished Creatures
  A water moccasin (D:6)
  2 black bears (D:5)
  An ogre (D:4)
  A scorpion (D:5)
  2 jellies (D:6)
  A gnoll bouda (D:4)
  2 iguanas (D:6)
  A sleepcap (D:6)
  7 gnolls
  13 adders
  2 river rats (Sewer)
  2 ufetubi
  A dart slug (D:2)
  3 orcs
  7 ball pythons
  4 giant cockroaches
  4 goblins
  5 hobgoblins
  4 jackals
  3 quokkas
  5 bats
  4 frilled lizards
  7 kobolds
  10 rats
92 creatures vanquished.

Vanquished Creatures (others)
  15 plants (Sewer)
15 creatures vanquished.

Grand Total: 107 creatures vanquished

Table legend:
 A = Non-vault XP
 B = Vault XP
 C = Vault XP percentage of total XP
 D = Non-vault monster count
 E = Vault monster count
 F = Vault count percentage of total count
                 A         B        C        D         E       F
            +---------+---------+-------+---------+---------+-------
      Total |    1138 |     111 |   8.9 |      69 |      23 |  25.0
            +---------+---------+-------+---------+---------+-------
        D:1 |      21 |       0 |   0.0 |      13 |       0 |   0.0
        D:2 |      30 |       0 |   0.0 |      10 |       0 |   0.0
        D:3 |      20 |       4 |  16.7 |       8 |       3 |  27.3
        D:4 |     293 |       0 |   0.0 |      18 |       0 |   0.0
        D:5 |     367 |       0 |   0.0 |       8 |       0 |   0.0
        D:6 |     407 |       0 |   0.0 |      12 |       0 |   0.0
      Sewer |       0 |     107 | 100.0 |       0 |      20 | 100.0
            +---------+---------+-------+---------+---------+-------

Illustrated notes

Table legend:
 A = Kills in this place as a percentage of kills in the entire game.
 B = Kills by you in this place as a percentage of kills by you in the entire game.
 C = Kills by friends in this place as a percentage of kills by friends in the entire game.
 D = Other kills in this place as a percentage of other kills in the entire game.
 E = Experience gained in this place as a percentage of experience gained in the entire game.
 F = Experience gained in this place divided by the number of levels of this place that you have seen.
                   A       B       C       D       E      F
               +-------+-------+-------+-------+-------+----------------------
         Total | 100.0 | 100.0 |   N/A |   N/A | 100.0 | 138.8
       Dungeon |  78.3 |  78.3 |   N/A |   N/A |  91.4 | 163.1
         Sewer |  21.7 |  21.7 |   N/A |   N/A |   8.6 | 107.0
               +-------+-------+-------+-------+-------+----------------------

Table legend: (Time is in decaauts)
 A = Elapsed time spent in this place.
 B = Non-inter-level travel time spent in this place.
 C = Inter-level travel time spent in this place.
 D = Time resting spent in this place.
 E = Time spent auto-exploring this place.
 F = Levels seen in this place.
 G = Mean time per level.
                   A        B        C        D        E       F      G
               +--------+--------+--------+--------+--------+-----+--------+
         Total |   5558 |   5365 |    193 |    218 |   4163 |   9 |  617.6 |
       Dungeon |   4296 |   4117 |    179 |      0 |   3377 |   7 |  613.7 |
        Temple |     82 |     68 |     14 |      0 |     60 |   1 |   82.0 |
         Sewer |   1179 |   1179 |      0 |    218 |    725 |   1 | 1179.0 |
               +--------+--------+--------+--------+--------+-----+--------+

Top non-repeatable levels by time:
   Sewer: 1179 daAuts
     D:6: 799 daAuts
     D:1: 784 daAuts
     D:4: 741 daAuts
     D:2: 728 daAuts
     D:3: 691 daAuts
     D:5: 544 daAuts
  Temple: 82 daAuts
     D:7: 7 daAuts
